 Dungeon Crawl Stone Soup version 0.21-a0-504-g2eda330 (webtiles) character file.

256 4thArraOfDagon the Firebug (level 5, -4/28 HPs)
             Began as a Deep Elf Fire Elementalist on Nov 26, 2017.
             Slain by a hornet zombie (7 damage)
             ... in an ossuary.
             The game lasted 00:05:15 (748 turns).

4thArraOfDagon the Firebug (DEFE)                    Turns: 748, Time: 00:05:16

Health: -4/28      AC:  3    Str: 10    XL:     5   Next: 92%
Magic:  0/13       EV: 13    Int: 21    God:
Gold:   70         SH:  0    Dex: 15    Spells: 9/13 levels left

rFire    . . .     SeeInvis .   h - staff of poison (curse)
rCold    . . .     Gourm    .   (no shield)
rNeg     . . .     Faith    .   a - +1 robe
rPois    +         Spirit   .   (no helmet)
rElec    .         Reflect  .   (no cloak)
rCorr    .         Harm     .   (no gloves)
MR       .....                  (no boots)
Stlth    ++........             (no amulet)
HPRegen  0.09/turn              n - +5 ring of strength (curse)
MPRegen  0.13/turn              (no ring)

@: no status effects
A: no striking features
a: no special abilities


You were in an ossuary.
You were not hungry.

You visited 1 branch of the dungeon, and saw 6 of its levels.
You also visited: Ossuary.

You collected 70 gold pieces.

Inventory:

Armour
 a - a +1 robe (worn)
Magical Staves
 h - a cursed staff of poison (weapon)
Jewellery
 n - a cursed +5 ring of strength (left hand)
Wands
 o - a wand of scattershot (2)
Scrolls
 f - 2 scrolls of amnesia
 g - 2 scrolls of remove curse
 k - 2 scrolls of teleportation
Potions
 e - a potion of magic
Books
 b - a book of Flames

   Spells                             Type                      Level
   a - Flame Tongue                   Conjuration/Fire             1
   b - Throw Flame                    Conjuration/Fire             2
   c - Conjure Flame                  Conjuration/Fire             3
   d - Inner Flame                    Hexes/Fire                   3
   e - Sticky Flame                   Conjuration/Fire             4
   f - Fireball                       Conjuration/Fire             5
Comestibles
 c - a bread ration
 d - a meat ration
 j - a royal jelly


   Skills:
 - Level 2.4 Dodging
 - Level 2.4 Stealth
 + Level 4.5 Spellcasting
 * Level 4.1 Conjurations
 * Level 5.2 Fire Magic


You had 9 spell levels left.
You knew the following spells:

 Your Spells              Type           Power        Failure   Level  Hunger
a - Flame Tongue          Conj/Fire      ###..        1%          1    None
b - Conjure Flame         Conj/Fire      ###.....     4%          3    ##.....


Dungeon Overview and Level Annotations

Branches:
Dungeon (6/15)
 Temple: D:4-7

Altars:


Message History

The hornet zombie is engulfed in a cloud of scalding steam.
The hornet zombie hits you!
* * * LOW HITPOINT WARNING * * *
Unknown command.
Unknown command.
Okay, then.
Unknown command.
Casting: Flame Tongue
Confirm with . or Enter, or press ? or * to list all spells.
Aiming: Flame Tongue
Press: ? - help, Shift-Dir - straight line, f/p - hornet zombie
Aim: a hornet zombie (steam, severely damaged)
The flame tongue hits the hornet zombie.
The hornet zombie is almost destroyed.
The hornet zombie is engulfed in a cloud of scalding steam.
The hornet zombie hits you but does no damage.
You hear a splashing noise.
Unknown command.
The hornet zombie hits you!
You die...

##### #.#.# # #
###'#'#'#+#'#+
##≈#.≈≈Z.....≈≈≈≈
#≈≈≈#≈Z##'##'##≈
#≈≈≈.@≈#...#
#≈≈≈≈#≈#.∩.#
##≈#P'≈#..∩#
#≈#≈#≈#####
##≈..≈. ≈≈##≈.##
#≈≈ P..# #≈ ≈##.#
# # ≈.#


You could see an adder zombie and a hornet zombie.

Vanquished Creatures
  A centaur zombie (Ossuary)
  A bullfrog zombie (Ossuary)
  6 mummies (Ossuary)
  A howler monkey zombie (Ossuary)
  A worker ant zombie (Ossuary)
  2 adders (D:2)
  2 adder zombies
  A worm (D:2)
  2 dart slugs (D:2)
  The ghost of 4thArraOfDagon the Firebug, a weakling DEFE (D:3)
  A giant cockroach (D:2)
  3 goblins
  3 hobgoblins
  2 frilled lizards (D:2)
  A jackal skeleton (D:4)
  2 kobolds (D:1)
  2 leopard gecko zombies (Ossuary)
  2 rats
34 creatures vanquished.

Notes
Turn   | Place    | Note
-------+----------+-------------------------------------------
     0 | D:1      | 4thArraOfDagon the Deep Elf Fire Elementalist began the quest for the Orb.
     0 | D:1      | Reached XP level 1. HP: 10/10 MP: 6/6
    76 | D:2      | Reached XP level 2. HP: 15/15 MP: 4/8
   114 | D:3      | Noticed 4thArraOfDagon's ghost (weakling DEFE)
   211 | D:2      | Reached XP level 3. HP: 11/19 MP: 6/9
   221 | D:2      | Learned a level 3 spell: Conjure Flame
   345 | D:2      | Reached skill level 4 in Fire Magic
   461 | D:3      | Killed 4thArraOfDagon's ghost
   541 | D:5      | Entered Level 5 of the Dungeon
   612 | D:6      | Noticed an orc warrior
   659 | D:6      | Found a sand-covered staircase.
   663 | Ossuary  | Entered an ossuary
   672 | Ossuary  | Reached XP level 4. HP: 14/24 MP: 3/11
   676 | Ossuary  | Reached XP level 5. HP: 9/28 MP: 2/13
   700 | Ossuary  | Reached skill level 5 in Fire Magic
   748 | Ossuary  | Slain by a hornet zombie

Vault maps used:
D:1:      matt_arrival_spirals, minmay_misc_feat_chi
D:3:      kennysheep_slugbush, uniq_ijyb, uniq_crazy_yiuf_cottage, uniq_sigmund
D:4:      minmay_temple_entry_nine_rooms, first_bread,
          kennysheep_generic_room_11
D:5:      kennysheep_generic_room_12
D:6:      enter_ossuary_5, uniq_menkaure, uniq_grinder, uniq_blork_the_orc
Ossuary:  ossuary_zaba_flooded

Skill      XL: |  1  2  3  4  5 |
---------------+----------------+-----
Conjurations   | 2 3 4 |  4.1
Fire Magic     | 4 5 |  5.2
Spellcasting   | 4 |  4.5
Dodging        | |  2.4
Stealth        | |  2.4

Action                   |  1- 3 |  4- 6 || total
-------------------------+-------+-------++-------
Melee: Staff             |       |    11 ||    11
 Cast: Flame Tongue      |    35 |    18 ||    53
       Conjure Flame     |     3 |       ||     3
  Use: Potion            |     2 |     1 ||     3
       Scroll            |     7 |       ||     7
Armor: Robe              |     2 |     6 ||     8
Dodge: Dodged            |     3 |     8 ||    11

Table legend:
 A = Spawn XP
 B = Non-spawn XP
 C = Spawn XP percentage of total XP
 D = Spawn monster count
 E = Non-spawn monster count
 F = Spawn count percentage of total count
 G = Total turns spent on level
                    A         B        C        D         E        F      G
               +---------+---------+-------+---------+---------+-------+---------
         Total |       0 |     367 |   0.0 |       0 |      34 |   0.0 |   748
               +---------+---------+-------+---------+---------+-------+---------
           D:1 |       0 |       6 |   0.0 |       0 |       4 |   0.0 |    60
           D:2 |       0 |      50 |   0.0 |       0 |      12 |   0.0 |   326
           D:3 |       0 |       6 |   0.0 |       0 |       3 |   0.0 |   123
           D:4 |       0 |       1 |   0.0 |       0 |       1 |   0.0 |    32
           D:6 |       0 |       6 |   0.0 |       0 |       1 |   0.0 |    67
       Ossuary |       0 |     298 |   0.0 |       0 |      13 |   0.0 |    85
               +---------+---------+-------+---------+---------+-------+---------
